 Dungeon Crawl Stone Soup version 0.27-a0-661-gca034ae587 (webtiles) character file.

Game seed: 5139308672585183185

44 JoanKharjo the Vexing (level 3, 0/39 HPs)
             Began as a Human Arcane Marksman on Mar 17, 2021.
             Succumbed to an adder's poison
             ... on level 2 of the Dungeon.
             The game lasted 00:03:42 (1838 turns).

JoanKharjo the Vexing (Human Arcane Marksman)       Turns: 1838, Time: 00:03:43

Health: 0/39       AC: 21    Str: 11    XL:     3   Next: 85%
Magic:  4/4        EV: -1    Int: 13    God:
Gold:   51         SH:  0    Dex: 13    Spells: 1/4 levels left

rFire    . . .     SeeInvis .   k - +0 spear
rCold    . . .     Faith    .   (no shield)
rNeg     + + +     Spirit   .   (armour currently unavailable)
rPois    +         Reflect  .   (helmet currently unavailable)
rElec    .         Harm     .   (cloak currently unavailable)
rCorr    .         Rampage  .   (gloves currently unavailable)
Will     .....     NoTele   +   (boots currently unavailable)
Stlth    +.........             (no amulet)
HPRegen  0.13/turn              (no ring)
MPRegen  0.09/turn              (no ring)

@: lethally poisoned (0 -> -1), tree-form (expiring), constricted
A: stationary, stasis, torment immunity, boosted hp
a: no special abilities


You were on level 2 of the Dungeon.
You were a tree.
You visited 1 branch of the dungeon, and saw 2 of its levels.

You collected 51 gold pieces.

Inventory:

Hand Weapons
 a - a +1 shortbow
 k - a +0 spear (weapon)
Missiles
 c - 51 arrows
 f - 21 sling bullets
 Q - 36 stones (quivered)
Armour
 e - a +0 robe (melded)
Scrolls
 j - 2 scrolls of identify {unknown}


   Skills:
 - Level 1.0 Fighting
 + Level 3.0 Bows
 - Level 2.0 Dodging
 - Level 1.0 Spellcasting
 + Level 3.8 Hexes


You had one spell level left.
You knew the following spells:

 Your Spells              Type           Power      Damage    Failure   Level
s - Slow                  Hex            10%        N/A       9%          2
v - Corona                Hex            11%        N/A       6%          1

Your spell library contained the following spells:

 Spells                   Type           Power      Damage    Failure   Level
 Inner Flame              Hex/Fire       5%         N/A       36%         3
 Portal Projectile        Hex/Tloc       10%        N/A       36%         3
 Cause Fear               Hex            5%         N/A       50%         4
 Leda's Liquefaction      Hex/Erth       2%         N/A       78%         4


Dungeon Overview and Level Annotations

Branches:
Dungeon (2/15)

Altars:
Yredelemnul


Message History

It was a scroll of blinking.
The adder bites you but does no damage.
The jackal bites you but does no damage.
The ball python bites you but does no damage.
The ball python constricts you. The adder bites you but does no damage.
As you read the scroll labelled VUOSYE YDIPN, it crumbles to dust.
You feel a strange sense of stasis.
It was a scroll of teleportation.
You feel sick.
The jackal bites you but does no damage.
The ball python bites you but does no damage.
The ball python constricts you. The adder bites you but does no damage.
The jackal bites you but does no damage.
You take 1 damage, and have 4/39 hp.
As you read the scroll labelled LUBAHILITO, it crumbles to dust.
It is a scroll of enchant weapon.
Your +0 shortbow glows red for a moment.
The ball python bites you.
* * * LOW HITPOINT WARNING * * *
The ball python constricts you. The adder bites you but does no damage.
The jackal bites you but does no damage.
You take 1 damage, and have 3/39 hp.
MP restored: 4 You barely miss the adder.
Your transformation is almost over.
The adder bites you but does no damage. The jackal bites you.
* * * LOW HITPOINT WARNING * * *
The ball python bites you but does no damage.
The ball python constricts you.
The jackal bites you but does no damage.
The adder bites you but does no damage.
The ball python bites you but does no damage.
The ball python constricts you.
You take 2 damage, and have 1/39 hp.
You miss the adder.
The jackal bites you but does no damage.
The adder bites you but does no damage.
The ball python bites you but does no damage.
The ball python constricts you.
Unknown command.
You hit the adder.
You die...

#..............# .......
#..............# .......
#..............# .......
#..............# .......
#..............# .......
#..............# .......
..............#
......S###..............
.....wS♣................
......h..!..............
........................
........................
............#.....###..#
............#.......#...
........................
....................[...
....................#.


You could see a worm, an adder, a jackal and a ball python.

Levels and vault maps discovered:
D:1:      dpeg_arrival_yet_another_circle, layout_loops_ring,
          grunt_decor_fettered
D:2:      layout_basic, lemuel_crystal_altar, bloody_trog,
          hangedman_decor_points, guppyfry_early_orc_mine

Notes
Turn   | Place    | Note
-------+----------+-------------------------------------------
     0 | D:1      | JoanKharjo the Human Arcane Marksman began the quest for
                  | the Orb.
     0 | D:1      | Reached XP level 1. HP: 15/15 MP: 2/2
   130 | D:1      | Identified a +0 club
   294 | D:1      | Identified a +0 leather armour
   356 | D:1      | Identified a +0 hand axe
   377 | D:1      | Reached XP level 2. HP: 21/21 MP: 1/3
   380 | D:1      | Learned a level 2 spell: Slow
   475 | D:1      | Identified a +0 club
   634 | D:1      | Identified a +0 spear
  1130 | D:1      | HP: 5/21 [jackal (1)]
  1132 | D:1      | HP: 2/21 [jackal (1)]
  1635 | D:2      | Found a basalt altar of Yredelemnul.
  1647 | D:2      | Identified a +0 club
  1653 | D:2      | Reached XP level 3. HP: 26/26 MP: 2/4
  1704 | D:2      | Identified a +0 shortbow
  1822 | D:2      | Identified a potion of lignification
  1829 | D:2      | Reached skill level 3 in Bows
  1829 | D:2      | HP: 9/39 [ball python (1)]
  1831 | D:2      | HP: 4/39 [adder (1)]
  1832 | D:2      | Identified a scroll of amnesia
  1833 | D:2      | Identified a scroll of blinking
  1834 | D:2      | Identified a scroll of teleportation
  1835 | D:2      | Identified a scroll of enchant weapon
  1836 | D:2      | HP: 1/39 [jackal (2)]
  1838 | D:2      | Succumbed to an adder's poison

Table legend: (Time is in decaauts)
 A = Elapsed time spent in this place.
 B = Non-inter-level travel time spent in this place.
 C = Inter-level travel time spent in this place.
 D = Time resting spent in this place.
 E = Time spent auto-exploring this place.
 F = Levels seen in this place.
 G = Mean time per level.
                   A        B        C        D        E       F      G
               +--------+--------+--------+--------+--------+-----+--------+
         Total |   1853 |   1746 |    107 |    406 |   1047 |   2 |  926.5 |
       Dungeon |   1853 |   1746 |    107 |    406 |   1047 |   2 |  926.5 |
               +--------+--------+--------+--------+--------+-----+--------+

Top non-repeatable levels by time:
     D:1: 1524 daAuts
     D:2: 328 daAuts

Table legend:
 A = Kills in this place as a percentage of kills in entire the game.
 B = Kills by you in this place as a percentage of kills by you in the entire game.
 C = Kills by friends in this place as a percentage of kills by friends in the entire game.
 D = Other kills in this place as a percentage of other kills in the entire game.
 E = Experience gained in this place as a percentage of experience gained in the entire game.
 F = Experience gained in this place divided by the number of levels of this place that you have seen.
                   A       B       C       D       E      F
               +-------+-------+-------+-------+-------+----------------------
         Total | 100.0 | 100.0 |   N/A |   N/A | 100.0 |  31.5
       Dungeon | 100.0 | 100.0 |   N/A |   N/A | 100.0 |  31.5
               +-------+-------+-------+-------+-------+----------------------

Skill      XL: |  1  2  3 |
---------------+----------+-----
Bows           | 3 |  3.0
Fighting       | |  1.0
Dodging        | |  2.0
Spellcasting   | |  1.0
Hexes          | |  3.8

Action                   || total
-------------------------++-------
Melee: Club              ||    15
       Unarmed           ||    14
       Hand axe          ||    11
       Spear             ||    76
 Fire: Shortbow          ||     7
 Cast: Corona            ||    16
  Use: Scroll            ||     4
       Potion            ||     1
Armor: Robe              ||    24
       Skin              ||    55
Dodge: Dodged            ||    89

Vanquished Creatures
  2 adders (D:2)
  A worm (D:2)
  3 giant cockroaches
  3 goblins (D:1)
  3 hobgoblins
  4 jackals
  A kobold (D:1)
  A bat (D:2)
  A frilled lizard (D:1)
  2 rats (D:1)
21 creatures vanquished.
